 Dungeon Crawl Stone Soup version 0.27-a0-1456-gf5a116941d (webtiles) character file.

Game seed: 14368107762156868838

205302 pokeman the Sorcerer (level 18, 0/105 HPs)
             Began as a Deep Elf Hedge Wizard on July 5, 2021.
             Was the Champion of Vehumet.
             Engulfed by a cloud of freezing vapour (19 damage)
             ... on level 1 of the Elven Halls on July 6, 2021.
             The game lasted 02:31:15 (47241 turns).

pokeman the Sorcerer (Deep Elf Hedge Wizard)       Turns: 47241, Time: 02:31:16

Health: 0/105      AC: 18    Str: 10    XL:     18   Next: 3%
Magic:  5/48       EV: 12    Int: 34    God:    Vehumet [******]
Gold:   3688       SH: 10    Dex: 14    Spells: 21/65 levels left

rFire    + + .     SeeInvis +   u - staff of fire
rCold    x . .     Faith    .   v - +0 buckler
rNeg     . . .     Spirit   .   m - +0 acid dragon scales
rPois    .         Reflect  +   t - +2 helmet {SInv}
rElec    .         Harm     .   z - +2 cloak
rCorr    +         Rampage  +   j - +0 pair of gloves {Str+3}
Will     +....                  K - +1 pair of boots {rampage}
Stlth    ++........             c - amulet of reflection
HPRegen  0.27/turn              l - +6 ring of intelligence
MPRegen  0.31/turn              r - ring of fire

@: very slightly contaminated
A: no striking features
}: 1/15 runes: barnacled
a: Renounce Religion


You were on level 1 of the Elven Halls.
You worshipped Vehumet.
Vehumet was exalted by your worship.
You visited 6 branches of the dungeon, and saw 29 of its levels.
You also visited: Ossuary, Ice Cave and Wizlab.

You collected 3989 gold pieces.
You spent 301 gold pieces at shops.

Inventory:

Hand Weapons
 W - the +9 trident "Ulufer" {flame, *Noise rF+ rN++ MP+9}
   (You found it on level 8 of the Dungeon)

   It has been specially enchanted to burn those struck by it, causing extra
   injury to most foes and up to half again as much damage against particularly
   susceptible opponents.
   rF:        It protects you from fire.
   rN:        It greatly protects you from negative energy.
   MP:        It affects your magic capacity (+9).
   *Noise:    It may make noises in combat.
 Z - a +2 longbow of freezing
Missiles
 d - 7 boomerangs of dispersal
 f - 413 arrows
 k - 5 throwing nets
Armour
 j - a +0 pair of gloves of strength (worn)
 m - +0 acid dragon scales (worn)
 q - the +1 cloak "Nobetibo" {rF+ Int+6}
   (You found it in a wizard's laboratory)

   Int:       It affects your intelligence (+6).
   rF:        It protects you from fire.
 s - a +0 cloak of stealth
 t - a +2 helmet of see invisible (worn)
 v - a +0 buckler (worn)
 x - the +1 cloak of Starlight {*Dazzle EV+4 Stlth--}
   (You found it in a wizard's laboratory)

   EV:        It affects your evasion (+4).
   Stlth:     It makes you much less stealthy.
 z - a +2 cloak (worn)
 A - the +2 cloak "Zoiromm" {Dex+2 Slay+5 SInv}
   (You found it in a wizard's laboratory)

   Dex:       It affects your dexterity (+2).
   Slay:      It affects your accuracy & damage with ranged weapons and melee
   (+5).
   SInv:      It lets you see invisible.
 K - a +1 pair of boots of rampaging (worn)
Magical Staves
 u - a staff of fire (weapon)
Jewellery
 a - a ring of see invisible
 c - an amulet of reflection (around neck)
 i - a ring of magical power
 l - a +6 ring of intelligence (left hand)
 r - a ring of fire (right hand)
 B - a ring of fire
 F - a ring of magical power
 L - a ring of flight
 N - a ring of wizardry
 S - the amulet of the Fool {rF++ rC- Regen+ Int+3}
   (You acquired it on level 4 of the Lair of Beasts)

   [amulet of regeneration]

   Int:       It affects your intelligence (+3).
   rF:        It greatly protects you from fire.
   rC:        It makes you vulnerable to cold.
   Regen:     It increases your rate of health regeneration.
Wands
 h - a wand of iceblast (6)
 w - a wand of digging (11)
 E - a wand of acid (13)
Scrolls
 b - 13 scrolls of teleportation
 n - 5 scrolls of blinking
 y - 6 scrolls of magic mapping
 G - 6 scrolls of identify
Potions
 e - 11 potions of curing
 g - 7 potions of heal wounds
 o - 2 potions of brilliance
 p - 2 potions of flight
 I - 4 potions of haste
 R - 2 potions of magic
Miscellaneous
 C - a box of beasts
 J - a condenser vane
 Y - a phial of floods (inert)


   Skills:
 - Level 9.0 Fighting
 + Level 8.2 Armour
 - Level 3.0 Dodging
 - Level 3.1 Stealth
 - Level 4.0 Shields
 * Level 24.4 Spellcasting
 + Level 15.7 Conjurations
 - Level 1.1 Summonings
 - Level 1.1 Translocations
 - Level 1.0 Transmutations
 - Level 13.0 Fire Magic
 - Level 1.0 Ice Magic
 - Level 1.3 Air Magic
 + Level 9.8 Earth Magic
 - Level 1.0 Poison Magic
 - Level 1.0 Evocations


You had 21 spell levels left.
You knew the following spells:

 Your Spells              Type           Power      Damage    Failure   Level
a - Magic Dart            Conj           100%       1d8       0%          1
b - Mephitic Cloud        Conj/Pois/Air  70%        N/A       1%          3
c - Call Imp              Summ           49%        N/A       1%          2
d - Blink                 Tloc           N/A        N/A       1%          2
e - Conjure Flame         Conj/Fire      100%       6-21      0%          3
f - Shock                 Conj/Air       100%       1d9       1%          1
g - Starburst             Conj/Fire      71%        8x6d18    1%          6
h - Stone Arrow           Conj/Erth      100%       3d13      0%          3
i - Lehudib's Crystal Sp  Conj/Erth      45%        10d11     9%          8
j - Wereblood             Tmut           48%        N/A       1%          2
k - Apportation           Tloc           98%        N/A       1%          1
l - Orb of Destruction    Conj           49%        9d15      1%          7
m - Freezing Cloud        Conj/Ice/Air   35%        6-21      1%          5

Your spell library contained the following spells:

 Spells                   Type           Power      Damage    Failure   Level
 Ignition                 Fire           69%        3d18      8%          8
 Animate Skeleton         Necr           82%        N/A       1%          1
 Beastly Appendage        Tmut           96%        N/A       1%          1
 Corona                   Hex            45%        N/A       1%          1
 Summon Small Mammal      Summ           100%       N/A       1%          1
 Corpse Rot               Necr/Air       N/A        N/A       1%          2
 Slow                     Hex            41%        N/A       1%          2
 Sublimation of Blood     Necr           20%        N/A       1%          2
 Call Canine Familiar     Summ           49%        N/A       1%          3
 Gell's Gravitas          Tloc           24%        N/A       1%          3
 Lesser Beckoning         Tloc           24%        N/A       1%          3
 Portal Projectile        Hex/Tloc       90%        N/A       1%          3
 Spider Form              Tmut/Pois      24%        N/A       1%          3
 Summon Guardian Golem    Hex/Summ       45%        N/A       1%          3
 Teleport Other           Tloc           49%        N/A       1%          3
 Animate Armour           Summ/Erth      100%       N/A       1%          4
 Leda's Liquefaction      Hex/Erth       33%        N/A       1%          4
 Tukima's Dance           Hex            41%        N/A       2%          3
 Borgnjor's Vile Clutch   Necr/Erth      33%        N/A       3%          5
 Passage of Golubria      Tloc           N/A        N/A       5%          4
 Summon Lightning Spire   Summ/Air       49%        N/A       5%          4
 Yara's Violent Unravell  Hex/Tmut       22%        3d10      5%          5
 Dispel Undead            Necr           41%        3d16      9%          4
 Alistair's Intoxication  Tmut/Pois      32%        N/A       16%         5
 Eringya's Noxious Bog    Tmut/Pois      24%        N/A       22%         6
 Dispersal                Tloc           24%        N/A       65%         6
 Simulacrum               Ice/Necr       22%        N/A       73%         6
 Death Channel            Necr           20%        N/A       80%         6
 Storm Form               Tmut/Air       24%        N/A       99%         7
 Summon Hydra             Summ           24%        N/A       99%         7
 Maxwell's Capacitive Co  Air            25%        ∞         99%         8
 Polar Vortex             Ice            24%        N/A       100%        9


Dungeon Overview and Level Annotations

Branches:
Dungeon (15/15)            Temple (1/1) D:4            Lair (6/6) D:9
 Shoals (4/4) Lair:4       Spider (0/4) Lair:2        Slime (0/5) Lair:5
    Orc (2/2) D:10            Elf (1/3) Orc:2        Vaults (0/5) D:13
 Depths (0/5) D:15        Ossuary (visited)           IceCv (visited)
 WizLab (visited)

Altars:
Cheibriados
Dithmenos
Elyvilon
Fedhas
Gozag
Hepliaklqana
Kikubaaqudgha
Makhleb
Nemelex Xobeh
Okawaru
Qazlal
Ru
Sif Muna
Trog
Uskayaw
Vehumet
Wu Jian
Xom
Yredelemnul
The Shining One
Beogh
Jiyva
Lugonu

Shops:
D:9 [   D:15 [[   Orc:2 :?([

Portals:
Abyss: Orc:2


Message History

You are electrocuted!
Agnes closely misses you.
Casting: Lehudib's Crystal Spear (quite dangerous; 9% risk of failure)
Confirm with . or Enter, or press ? or * to list all spells.
The spell is quite dangerous to cast (9% risk of failure)!
Continue anyway?
Aiming: Lehudib's Crystal Spear (quite dangerous; 9% risk of failure)
Press: ? - help, Shift-Dir - straight line, f/p - Agnes
Aim: Agnes, wielding a +2 lajatang of electrocution and wearing a +0 robe (heavily wounded, 59% to hit)
The crystal spear hits Agnes!!!
Agnes is almost dead.
Agnes hits you with a +2 lajatang of electrocution!!
You are electrocuted!
Agnes hits you with a +2 lajatang of electrocution!!
* * * LOW HITPOINT WARNING * * *
A deep elf pyromancer comes into view. It is wielding a +0 short sword.
Casting: Lehudib's Crystal Spear (quite dangerous; 9% risk of failure)
Confirm with . or Enter, or press ? or * to list all spells.
The spell is quite dangerous to cast (9% risk of failure)!
Continue anyway?
Aiming: Lehudib's Crystal Spear (quite dangerous; 9% risk of failure)
Press: ? - help, Shift-Dir - straight line, f/p - Agnes
Aim: Agnes, wielding a +2 lajatang of electrocution and wearing a +0 robe (almost dead, 59% to hit)
The crystal spear hits Agnes!!!
You kill Agnes!
Vehumet accepts your kill.
You feel your power returning.
Casting: Lehudib's Crystal Spear (quite dangerous; 9% risk of failure)
Confirm with . or Enter, or press ? or * to list all spells.
The spell is quite dangerous to cast (9% risk of failure)!
Continue anyway?
Aiming: Lehudib's Crystal Spear (quite dangerous; 9% risk of failure)
Press: ? - help, Shift-Dir - straight line, f - deep elf pyromancer
Aim: a deep elf pyromancer, wielding a +0 short sword (75% to hit)
The crystal spear misses the deep elf pyromancer.
You hear a shout! x2
Casting: Lehudib's Crystal Spear (quite dangerous; 9% risk of failure)
Confirm with . or Enter, or press ? or * to list all spells.
Aiming: Freezing Cloud (mildly dangerous; 1% risk of failure)
Press: ? - help, Dir - move target, f/p - deep elf pyromancer
Aim: a deep elf pyromancer, wielding a +0 short sword That beam is likely to hit you.
Continue anyway?
You are engulfed in freezing vapours.
You die...

*****,,,,,,,,,,,,,**#.##.# #.##
*,,,,,,,,,,,,,,,,,+,.....###..###
*,****,,,,,,,,,,,,*#.............
*,**,,,,,,,,,,,,,,*#.###≈≈≈..####
*,**,*,,,,,,,,,,,,*#.##≈≈≈..+##
,,,,,,,,,,,,,**#+#*#.#≈≈≈..≈..##
,****+****,*,* #.# #.≈≈≈..≈≈...##
,*,,,,,,,*,,,* #.###≈≈≈..≈≈≈...(#
**,*,,,*,***,**#@§§≈≈≈..≈≈≈....!+
,,,,,,,,,,,*,,*##§##...≈≈≈......#
,*,,*+*,,*,*,,,,#e##.∩.≈≈.......#
,,,**,**,,,*,,,,☼E§#...≈##......#
,,,+,,,+,,,+,*,..○§#######[..[..#
,,,**,**,,,*,,○....#*,,,,+......#
,*,,*+*,,*,*,.○....+,,,**#......+
,,,,,,,,,,,*..○....#*,** #......#
**,*,,,*,**#.......#*+***##.....#


You could see a deep elf pyromancer and a fire elemental.

Vanquished Creatures
  Mara (Shoals:3)
  Rupert (D:14)
  Jorgrun (Orc:2)
  Polyphemus (Shoals:4)
  Gastronok (D:11)
  An eldritch tentacle (WizLab)
  Agnes (Elf:1)
  A tentacled starspawn (WizLab)
  Frances (D:13)
  2 krakens (Shoals:1)
  A frost giant (Shoals:4)
  An orc warlord (Orc:2)
  An angel (WizLab)
  A ghoul (D:14)
  A stone giant (D:15)
  Nessos (D:12)
  Azrael (D:14)
  3 merfolk javelineers
  10 merfolk impalers
  An eidolon (WizLab)
  Josephine (D:11)
  8 hydras
  3 boulder beetles
  An ogre mage (D:15)
  A merfolk avatar (Shoals:1)
  2 ironbound frosthearts (IceCv)
  5 catoblepae
  3 alligator snapping turtles
  3 centaur warriors
  5 two-headed ogres
  2 dancing weapons (Elf:1)
  3 tengu warriors
  17 death yaks
  4 satyrs
  8 merfolk aquamancers
  4 thrashing horrors (WizLab)
  2 orc high priests (Orc:2)
  11 skeletal warriors
  Nergalle (D:11)
  4 sun demons (Shoals:1)
  A shadow wraith (WizLab)
  10 sea snakes
  A wizard (WizLab)
  20 harpies
  An obsidian statue (WizLab)
  An anaconda skeleton (WizLab)
  4 deep elf pyromancers
  4 oklob plants (Lair:1)
  A wolf spider zombie (D:14)
  A deep elf zephyrmancer (Elf:1)
  4 orc knights
  A harpy (shapeshifter) (D:15)
  2 orc sorcerers (Orc:2)
  3 ugly things
  7 fauns
  4 elephants (Lair:5)
  2 worldbinders (WizLab)
  12 manticores
  3 black mambas
  Maurice (D:9)
  6 cyclopes
  5 merfolk sirens
  16 centaur zombies
  9 water nymphs
  An ice statue (IceCv)
  An apocalypse crab (WizLab)
  A torpor snail (Lair:4)
  8 cane toads
  6 rime drakes
  4 yaktaurs (D:13)
  An unseen horror (D:13)
  A smoke demon (WizLab)
  5 kobold demonologists (D:13)
  4 efreet
  2 ice devils (Lair:5)
  3 ancient zymes (WizLab)
  2 tengu conjurers (D:15)
  10 komodo dragons
  2 jumping spiders (Lair:2)
  4 meliai
  6 wind drakes
  A hornet (D:8)
  6 trolls
  12 polar bears
  7 slime creatures
  24 merfolk
  7 snapping turtles
  20 blink frogs
  3 wyverns
  A redback (Lair:2)
  An air elemental (WizLab)
  A shadow (D:10)
  A spriggan (Lair:4)
  5 wraiths
  3 fire elementals
  11 water elementals
  77 yaks
  A human (shapeshifter) (D:13)
  Grum (D:9)
  4 basilisks
  13 vampire mosquitoes
  A steam dragon (D:9)
  6 spatial vortices (WizLab)
  4 wargs
  5 acid dragons
  10 water moccasins
  A hornet zombie (Ossuary)
  6 hell hounds
  37 orc warriors
  4 black bears
  The ghost of DocClef the Shield-Bearer, an amateur GnFi (D:3)
  2 sky beasts
  2 necrophages
  32 wolves
  16 ogres
  2 boggarts (WizLab)
  8 centaurs
  3 phantoms
  8 kobold brigands
  4 wyvern zombies
  14 bullfrogs
  5 gnoll sergeants
  3 water moccasin zombies (Ossuary)
  3 scorpions
  A small abomination (WizLab)
  2 water moccasin skeletons
  4 killer bees (D:9)
  An electric eel (Lair:2)
  3 howler monkeys
  6 crimson imps
  5 bullfrog zombies (Ossuary)
  5 hounds
  30 orc priests
  Ijyb (D:4)
  A bullfrog skeleton (D:6)
  A centaur skeleton (D:4)
  A gnoll shaman (D:9)
  3 iguanas (D:5)
  26 orc wizards
  6 killer bee zombies (Ossuary)
  18 mummies
  3 howler monkey zombies
  A howler monkey skeleton (D:7)
  8 adders
  25 gnolls
  2 shadow imps
  2 white imps
  An ufetubus (D:6)
  A worm (D:3)
  4 dart slugs
  106 orcs
  8 ball pythons
  7 endoplasms
  2 giant cockroaches
  6 goblins
  8 hobgoblins
  11 jackals
  2 quokkas (D:1)
  5 bats
  27 kobolds
  3 rats (D:1)
  2 bushes (Lair:4)
  A fungus (Lair:4)
  A lurking horror (Orc:2)
  3 plants
  4 tentacles (Shoals:1)
1033 creatures vanquished.

Vanquished Creatures (others)
  A merfolk aquamancer (Shoals:4)
  A vampire mosquito (D:14)
  37 fungi
  91 plants
  2 starspawn tentacles (WizLab)
  8 tentacles (Shoals:1)
  10 withered plants
150 creatures vanquished.

Grand Total: 1183 creatures vanquished

Notes
Turn   | Place    | Note
-------+----------+-------------------------------------------
     0 | D:1      | pokeman the Deep Elf Hedge Wizard began the quest for the
                  | Orb.
     0 | D:1      | Reached XP level 1. HP: 10/10 MP: 7/7
   309 | D:1      | Reached XP level 2. HP: 16/16 MP: 6/9
   828 | D:1      | Reached skill level 5 in Spellcasting
  1007 | D:1      | Reached XP level 3. HP: 20/20 MP: 9/11
  1011 | D:1      | Learned a level 3 spell: Mephitic Cloud
  1014 | D:1      | Learned a level 2 spell: Call Imp
  1017 | D:1      | Learned a level 2 spell: Blink
  1021 | D:1      | Learned a level 3 spell: Conjure Flame
  1511 | D:2      | Found an ornate altar of the Wu Jian Council.
  1547 | D:2      | Reached skill level 1 in Fighting
  1547 | D:2      | Reached skill level 1 in Armour
  1547 | D:2      | Reached XP level 4. HP: 20/25 MP: 6/13
  2761 | D:3      | Found a large runed translucent door.
  2763 | D:3      | Found a large runed translucent door.
  2767 | D:3      | Noticed DocClef's ghost (amateur GnFi)
  2800 | D:3      | Found a shimmering altar of Xom.
  2808 | D:3      | Reached skill level 6 in Spellcasting
  2808 | D:3      | Reached skill level 1 in Fire Magic
  2808 | D:3      | Reached XP level 5. HP: 29/29 MP: 7/15
  3258 | D:3      | Reached XP level 6. HP: 34/34 MP: 8/17
  3664 | D:3      | Killed DocClef's ghost
  3665 | D:3      | Reached skill level 7 in Spellcasting
  3665 | D:3      | Reached skill level 1 in Air Magic
  3838 | D:4      | Reached skill level 1 in Poison Magic
  4070 | D:4      | Noticed Ijyb
  4091 | D:4      | Killed Ijyb
  4290 | D:4      | Found a staircase to the Ecumenical Temple.
  4301 | Temple   | Entered the Ecumenical Temple
  4396 | Temple   | Became a worshipper of Vehumet
  4418 | D:4      | Reached skill level 1 in Evocations
  4600 | D:4      | Reached XP level 7. HP: 38/38 MP: 12/20
  4974 | D:4      | Reached skill level 1 in Shields
  5101 | D:5      | Entered Level 5 of the Dungeon
  5112 | D:5      | Found a stormy altar of Qazlal.
  5264 | D:5      | Reached skill level 8 in Spellcasting
  5520 | D:5      | Found a shimmering blue altar of Sif Muna.
  5644 | D:5      | Found a glowing golden altar of the Shining One.
  5646 | D:5      | Found a white marble altar of Elyvilon.
  5682 | D:5      | Reached * piety under Vehumet
  5682 | D:5      | Offered knowledge of Shock by Vehumet.
  5685 | D:5      | Learned a level 1 spell: Shock
  5859 | D:5      | Reached XP level 8. HP: 43/43 MP: 10/22
  5860 | D:5      | Reached skill level 9 in Spellcasting
  6563 | D:6      | Reached skill level 5 in Conjurations
  6660 | D:6      | Reached skill level 10 in Spellcasting
  6804 | D:6      | Identified the amulet "Yhef" {Spirit -Tele rPois Dex+2}
  7341 | D:6      | Reached XP level 9. HP: 48/48 MP: 19/25
  7631 | D:7      | Found a burning altar of Makhleb.
  8147 | D:7      | Reached skill level 11 in Spellcasting
  8148 | D:7      | Offered knowledge of Freeze by Vehumet.
  8150 | D:7      | Reached ** piety under Vehumet
  8151 | D:7      | Reached skill level 5 in Fire Magic
  8982 | D:8      | Found a sand-covered staircase.
  8992 | Ossuary  | Entered an ossuary
  9170 | Ossuary  | Reached skill level 12 in Spellcasting
  9345 | Ossuary  | Offered knowledge of Dazzling Flash by Vehumet.
  9456 | Ossuary  | Reached XP level 10. HP: 38/56 MP: 25/28
 10222 | D:8      | Reached *** piety under Vehumet
 10305 | D:8      | Reached skill level 13 in Spellcasting
 10913 | D:8      | Identified the +9 trident "Ulufer" {flame, *Noise rF+ rN++
                  | MP+9}
 10996 | D:8      | Offered knowledge of Hailstorm by Vehumet.
 11379 | D:9      | Noticed Grum
 11387 | D:9      | Killed Grum
 11426 | D:9      | Noticed Maurice
 11811 | D:9      | Killed Maurice
 12297 | D:9      | Reached **** piety under Vehumet
 12434 | D:9      | Offered knowledge of Iskenderun's Mystic Blast by Vehumet.
 12435 | D:9      | Reached skill level 14 in Spellcasting
 12438 | D:9      | Found a staircase to the Lair.
 12849 | D:9      | Found Ryppe's Antique Armour Shoppe.
 12922 | D:10     | Entered Level 10 of the Dungeon
 12929 | D:10     | Reached XP level 11. HP: 60/60 MP: 31/31
 13156 | D:10     | HP: 1/60 [acid (12)]
 14030 | D:10     | Identified the +0 robe "Lypter" {Dex+5 Slay+5}
 14295 | D:10     | Found a staircase to the Orcish Mines.
 14683 | D:11     | Noticed a two-headed ogre
 14700 | D:11     | Killed a two-headed ogre
 14705 | D:11     | Reached skill level 15 in Spellcasting
 14823 | D:11     | Noticed Nergalle
 14875 | D:11     | Killed Nergalle
 15024 | D:11     | Noticed Gastronok
 15071 | D:11     | Killed Gastronok
 15434 | D:11     | Noticed Josephine
 15461 | D:11     | Killed Josephine
 15684 | D:11     | Reached XP level 12. HP: 59/66 MP: 33/33
 16028 | D:12     | Reached skill level 16 in Spellcasting
 16549 | D:12     | Noticed Nessos
 16568 | D:12     | Killed Nessos
 16569 | D:12     | Reached skill level 10 in Conjurations
 16836 | D:12     | Identified the +0 robe of the Harvest Moon {rF+ rC- Str+6
                  | Slay+3}
 17292 | D:13     | Noticed a four-headed hydra
 17301 | D:13     | Killed a four-headed hydra
 17457 | D:13     | Reached ***** piety under Vehumet
 17576 | D:13     | Offered knowledge of Starburst by Vehumet.
 17585 | D:13     | Learned a level 6 spell: Starburst
 17656 | D:13     | Reached skill level 10 in Fire Magic
 17744 | D:13     | Reached skill level 5 in Armour
 17783 | D:13     | Reached skill level 17 in Spellcasting
 18039 | D:13     | Noticed a centaur warrior
 18047 | D:13     | Killed a centaur warrior
 18376 | D:13     | Noticed a tengu warrior
 18416 | D:13     | Killed a tengu warrior
 18531 | D:13     | Found a gate to the Vaults.
 18815 | D:13     | Noticed Frances
 18822 | D:13     | Killed Frances
 18823 | D:13     | Reached XP level 13. HP: 61/72 MP: 16/36
 19599 | D:14     | Noticed Rupert
 19603 | D:14     | Reached skill level 5 in Fighting
 19606 | D:14     | Killed Rupert
 19607 | D:14     | Reached skill level 18 in Spellcasting
 19792 | D:14     | Noticed a ghoul
 19806 | D:14     | Killed a ghoul
 20265 | D:14     | Noticed Azrael
 20277 | D:14     | Killed Azrael
 21346 | D:15     | Entered Level 15 of the Dungeon
 21357 | D:15     | Reached skill level 19 in Spellcasting
 21357 | D:15     | Reached XP level 14. HP: 36/80 MP: 31/39
 21648 | D:15     | Learned a level 3 spell: Stone Arrow
 21854 | D:15     | Reached skill level 1 in Earth Magic
 21942 | D:15     | Learned a level 8 spell: Lehudib's Crystal Spear
 21945 | D:15     | Learned a level 2 spell: Wereblood
 22208 | D:15     | Found Agixey's Antique Armour Emporium.
 22538 | D:15     | Found Enahawy's Armour Boutique.
 22542 | D:15     | Bought a +2 helmet of see invisible for 301 gold pieces
 23018 | D:15     | Found a staircase to the Depths.
 23018 | D:15     | Noticed a stone giant
 23028 | D:15     | Killed a stone giant
 23528 | Lair:1   | Entered Level 1 of the Lair of Beasts
 23745 | Lair:1   | Learned a level 1 spell: Apportation
 24111 | Lair:1   | Found a blossoming altar of Fedhas.
 25139 | Lair:2   | Reached skill level 20 in Spellcasting
 25597 | Lair:2   | Found a hole to the Spider Nest.
 26166 | Lair:3   | Offered knowledge of Lightning Bolt by Vehumet.
 26266 | Lair:3   | Identified 2 scrolls of acquirement
 26519 | Lair:3   | Identified the +9 scale mail of the Beginning {rN+ Regen+
                  | Dex-2}
 27623 | Lair:4   | Acquired 915 gold pieces
 27625 | Lair:4   | Acquired the amulet of the Fool {rF++ rC- Regen+ Int+3}
 27646 | Lair:4   | Found a staircase to the Shoals.
 27774 | Lair:4   | Reached XP level 15. HP: 84/84 MP: 25/41
 28507 | Lair:5   | Found a frozen archway.
 28520 | IceCv    | Entered an ice cave
 28666 | IceCv    | Found the +13 scythe of Curses {drain, Drain}
 29234 | IceCv    | Reached skill level 21 in Spellcasting
 29370 | IceCv    | Reached ****** piety under Vehumet
 29955 | Lair:5   | Offered knowledge of Fireball by Vehumet.
 30921 | Lair:5   | Found a staircase to the Slime Pits.
 30921 | Lair:5   | Found a viscous altar of Jiyva.
 31178 | Lair:6   | Entered Level 6 of the Lair of Beasts
 32877 | Orc:1    | Entered Level 1 of the Orcish Mines
 33100 | Orc:1    | Reached XP level 16. HP: 92/92 MP: 32/43
 33195 | Orc:1    | Found a runed translucent door.
 33357 | Orc:1    | Offered knowledge of Orb of Destruction by Vehumet.
 33526 | Orc:2    | Entered Level 2 of the Orcish Mines
 33733 | Orc:2    | Found a corrupted altar of Lugonu.
 33803 | Orc:2    | Found a one-way gate to the infinite horrors of the Abyss.
 33835 | Orc:2    | Reached skill level 5 in Earth Magic
 33977 | Orc:2    | Noticed Jorgrun
 33990 | Orc:2    | Killed Jorgrun
 33991 | Orc:2    | Reached skill level 22 in Spellcasting
 34118 | Orc:2    | Found Bugivot's Book Boutique.
 34369 | Orc:2    | Found Quejamm's Magic Scroll Shop.
 34823 | Orc:2    | Found a burning altar of Makhleb.
 34927 | Orc:2    | Learned a level 7 spell: Orb of Destruction
 34984 | Orc:2    | Found a staircase to the Elven Halls.
 35219 | Orc:2    | Offered knowledge of Ozocubu's Refrigeration by Vehumet.
 35690 | Orc:2    | Found Plog's Antique Weapon Shoppe.
 35694 | Orc:2    | Found Ucsuir's Antique Armour Emporium.
 36173 | Shoals:1 | Entered Level 1 of the Shoals
 36213 | Shoals:1 | Noticed a kraken
 36223 | Shoals:1 | Killed a kraken
 37948 | Shoals:2 | Identified the +8 rapier of the Glowing Augurer {drain,
                  | rPois Will+ Str+2 Dex+3}
 39303 | Shoals:3 | Offered knowledge of Lee's Rapid Deconstruction by Vehumet.
 39544 | Shoals:3 | Learned a level 5 spell: Freezing Cloud
 39662 | Shoals:3 | Reached skill level 23 in Spellcasting
 39670 | Shoals:3 | Reached skill level 1 in Transmutations
 39737 | Shoals:3 | Noticed Mara
 39765 | Shoals:3 | Reached skill level 1 in Ice Magic
 40238 | Shoals:3 | Noticed pokeman's illusion
 40651 | Shoals:3 | Noticed pokeman's illusion
 40807 | Shoals:3 | Noticed pokeman's illusion
 40818 | Shoals:3 | Noticed pokeman's illusion
 40821 | Shoals:3 | Killed Mara
 40822 | Shoals:3 | Reached XP level 17. HP: 99/99 MP: 7/46
 41385 | Shoals:4 | Entered Level 4 of the Shoals
 41628 | Shoals:4 | Reached skill level 15 in Conjurations
 41896 | Shoals:4 | Noticed Polyphemus
 41930 | Shoals:4 | Killed Polyphemus
 42479 | Shoals:4 | Got a barnacled rune of Zot
 42897 | Shoals:4 | Offered knowledge of Ignition by Vehumet.
 43026 | Shoals:4 | Reached skill level 24 in Spellcasting
 44105 | Shoals:1 | Noticed a kraken
 44116 | Shoals:1 | Killed a kraken
 44823 | Elf:1    | Entered Level 1 of the Elven Halls
 44929 | Elf:1    | Found a magical portal.
 44974 | WizLab   | Entered The Roulette of Golubria
 44974 | WizLab   | Found a transporter.
 45029 | WizLab   | Found a corrupted altar of Lugonu.
 45101 | WizLab   | Found a transporter.
 45249 | WizLab   | Found a transporter.
 45266 | WizLab   | Found a transporter.
 45413 | WizLab   | Found a transporter.
 45413 | WizLab   | Found a transporter.
 45440 | WizLab   | Found the +1 cloak of Starlight {*Dazzle EV+4 Stlth--}
 45525 | WizLab   | Found a transporter.
 45628 | WizLab   | Found a transporter.
 45732 | WizLab   | Found a transporter.
 45747 | WizLab   | Found a transporter.
 45854 | WizLab   | Found a transporter.
 45857 | WizLab   | Found a corrupted altar of Lugonu.
 45929 | WizLab   | Found a transporter.
 46097 | WizLab   | Found a transporter.
 46377 | WizLab   | Found a transporter.
 46377 | WizLab   | Found a transporter.
 46549 | WizLab   | Found a transporter.
 46630 | WizLab   | Identified the +1 cloak "Nobetibo" {rF+ Int+6}
 46642 | WizLab   | Identified the +2 cloak "Zoiromm" {Dex+2 Slay+5 SInv}
 46663 | WizLab   | Found a transporter.
 46665 | WizLab   | Paralysed by an air elemental for 1 turns
 46944 | WizLab   | Found a transporter.
 46944 | WizLab   | Found a transporter.
 47050 | WizLab   | Found a transporter.
 47053 | WizLab   | Reached XP level 18. HP: 80/105 MP: 45/48
 47234 | Elf:1    | Noticed Agnes
 47238 | Elf:1    | Killed Agnes
 47241 | Elf:1    | Engulfed by a cloud of freezing vapour

Illustrated notes

Levels and vault maps discovered:
D:1:      amcnicky_arrival_single_pillar, layout_basic, minmay_box_of_dots
D:2:      layout_basic, basic_altar, columned_hall_lemuel,
          grunt_decor_resistance, minmay_pentomino_z2
D:3:      cheibrodos_old_hovel, layout_rooms, led_xom_imps,
          ebering_ghost_disaster_area, minmay_misc_feat_roman, minivault_25
D:4:      layout_loops_corners, minmay_temple_entry_glass,
          roderic_roman_lattice, uniq_ijyb
D:5:      layout_loops_ring, tgw_sif, jmf_multi_god_temple,
          nicolae_qazlal_general_emergency, grunt_decor_junction
D:6:      layout_basic
D:7:      layout_layer_cave, makhleb_grotto_becter
D:8:      layout_basic, nicolae_ossuary_entry_monument,
          kennysheep_generic_room_14
D:9:      layout_cave_pools, lair_entry_dummy, serial_gnoll_camp,
          gnoll_camp_mini_hut, gnoll_camp_mini_shop, gnoll_camp_mini_hut,
          gnoll_camp_medium_02, gnoll_camp_mini_hut, uniq_grum, uniq_maurice
D:10:     layout_loops_ring, kennysheep_orc_monster_closet_entryway
D:11:     layout_roguey, uniq_gastronok, uniq_josephine, uniq_nergalle
D:12:     minmay_cornered_nines, layout_basic, uniq_nessos
D:13:     layout_loops_ring, hangedman_vaults_entry_quadrant_bands,
          kennysheep_generic_room_3, uniq_frances
D:14:     layout_long_grid, minmay_misc_feat_secret_circle, serial_undead,
          serial_undead_c, serial_undead_a, serial_undead_b, serial_undead_c,
          serial_undead_e, serial_undead_d, serial_undead_a, minmay_liquid_box,
          uniq_rupert, uniq_azrael
D:15:     grunt_enter_depths_snipers, layout_basic, serial_shops, shop,
          nicolae_shop_behind_doors, glass_columns_c
Temple:   eino_temple_scatter_basement
Lair:1:   layout_misc_corridors, minivault_26, hangedman_tree_tricks,
          chequers_serial_rivers_small_a, minmay_lair_oklob_chamber
Lair:2:   layout_roguey, spider_nest_entry_funnel_web,
          nicolae_quartered_pool_little, serial_bayou_shore_b, lemuel_fruit_tree
Lair:3:   layout_regular_city, beast_lair_carwin_9
Lair:4:   layout_gridlike, minmay_shoals_entry_beasts, forest_entry_grove,
          grunt_megastairs_1
Lair:5:   layout_regular_city, slime_altar_1, portal_ice_cave_demonic_guard,
          minmay_lair_drake_nest, infiniplex_staircase_pool
Lair:6:   evilmike_catoblepas_cave, layout_hall_layers, nicolae_lair_yak_garden
Shoals:1: layout_shoals, nicolae_shoals_sun_and_surf
Shoals:2: layout_shoals
Shoals:3: layout_shoals, nicolae_shoals_lost_giant_temple, uniq_mara
Shoals:4: shoals_end_grunt_ice, layout_shoals, uniq_polyphemus
Orc:1:    layout_caves, lightli_church_of_beogh
Orc:2:    grunt_orc_community_town_hall, layout_caves,
          grunt_orc_community_big_house_2, grunt_orc_community_big_house_2,
          grunt_orc_community_house_1, grunt_orc_community_house_1,
          grunt_orc_community_house_3, grunt_orc_community_house_2,
          grunt_orc_community_house_3, grunt_orc_community_house_1, basic_altar,
          amcnicky_altar_lugonu_corruption, uniq_jorgrun
Elf:1:    layout_gridlike, mu_enter_wizlab_4, minmay_elf_annihilation,
          small_chamber_with_monster, uniq_agnes

Skill      XL: |  1  2  3  4  5  6  7  8  9 10 11 12 13 14 15 16 17 |
---------------+----------------------------------------------------+-----
Spellcasting   | 5 6 7 8 10 12 14 15 17 19 20 21 23 24 | 24.4
Fighting       | 1 2 3 4 6 7 8 9 |  9.0
Armour         | 1 2 3 5 6 7 8 |  8.2
Conjurations   | 2 3 4 5 7 8 9 10 11 13 14 15 | 15.7
Fire Magic     | 1 3 4 6 7 9 10 11 12 13 | 13.0
Dodging        | 3 |  3.0
Stealth        | 3 |  3.1
Air Magic      | 1 |  1.3
Poison Magic   | 1 |  1.0
Evocations     | 1 |  1.0
Shields        | 2 4 |  4.0
Earth Magic    | 1 4 7 9 |  9.8
Transmutations | 1 |  1.0
Ice Magic      | 1 |  1.0
Summonings     | |  1.1
Translocations | |  1.1

Action                   |  1- 3 |  4- 6 |  7- 9 | 10-12 | 13-15 | 16-18 || total
-------------------------+-------+-------+-------+-------+-------+-------++-------
Melee: Dagger            |     6 |    13 |    64 |    28 |       |       ||   111
       Falchion          |       |     2 |       |       |       |       ||     2
       Trident           |       |       |       |   218 |     2 |       ||   220
       Staff             |       |       |       |       |    44 |    43 ||    87
 Cast: Magic Dart        |    68 |   135 |    44 |     4 |       |     1 ||   252
       Conjure Flame     |     1 |       |    31 |    68 |     6 |     1 ||   107
       Call Imp          |       |     4 |     2 |    17 |     1 |     1 ||    25
       Mephitic Cloud    |       |     1 |     8 |    50 |     7 |     1 ||    67
       Shock             |       |       |   176 |   338 |     2 |     8 ||   524
       Blink             |       |       |     3 |     5 |     2 |    14 ||    24
       Starburst         |       |       |       |    42 |   291 |   256 ||   589
       Orb of Destructio |       |       |       |       |       |    27 ||    27
       Freezing Cloud    |       |       |       |       |       |    11 ||    11
       Lehudib's Crystal |       |       |       |       |       |    36 ||    36
Evoke: Wand              |       |       |       |    10 |    20 |    15 ||    45
       Phial of floods   |       |       |       |       |       |     1 ||     1
  Use: Scroll            |       |       |     8 |     8 |    14 |     3 ||    33
 Stab: Sleeping          |       |     1 |     2 |       |       |     1 ||     4
       Paralysed         |       |     3 |       |       |       |       ||     3
       Confused          |       |     2 |     1 |    15 |       |       ||    18
       Petrifying        |       |       |     1 |       |     1 |       ||     2
Armor: Robe              |     8 |       |       |       |       |       ||     8
       Leather armour    |       |     8 |    69 |    28 |       |       ||   105
       Steam dragon scal |       |       |       |    28 |       |       ||    28
       Acid dragon scale |       |       |       |    85 |    81 |    71 ||   237
Dodge: Dodged            |    15 |     8 |    84 |   131 |    84 |    77 ||   399
Block: Buckler           |       |       |       |    18 |    74 |    94 ||   186
       Reflection        |       |       |       |     2 |     5 |    11 ||    18

Table legend: (Time is in decaauts)
 A = Elapsed time spent in this place.
 B = Non-inter-level travel time spent in this place.
 C = Inter-level travel time spent in this place.
 D = Time resting spent in this place.
 E = Time spent auto-exploring this place.
 F = Levels seen in this place.
 G = Mean time per level.
                   A        B        C        D        E       F      G
               +--------+--------+--------+--------+--------+-----+--------+
         Total |  47776 |  44642 |   3134 |   6992 |  31144 |  32 | 1493.0 |
       Dungeon |  23143 |  21190 |   1953 |   2372 |  15741 |  15 | 1542.9 |
        Temple |    270 |    235 |     35 |      0 |     92 |   1 |  270.0 |
          Lair |   7932 |   7256 |    676 |    659 |   5903 |   6 | 1322.0 |
        Shoals |   8670 |   8364 |    306 |   1991 |   5423 |   4 | 2167.5 |
  Orcish Mines |   3042 |   2880 |    162 |    562 |   1875 |   2 | 1521.0 |
   Elven Halls |    168 |    168 |      0 |     92 |      6 |   1 |  168.0 |
       Ossuary |    905 |    905 |      0 |     10 |    620 |   1 |  905.0 |
      Ice Cave |   1386 |   1386 |      0 |    265 |    800 |   1 | 1386.0 |
        Wizlab |   2256 |   2256 |      0 |   1040 |    682 |   1 | 2256.0 |
               +--------+--------+--------+--------+--------+-----+--------+

Top non-repeatable levels by time:
Shoals:2: 2496 daAuts
Shoals:4: 2437 daAuts
    D:13: 2334 daAuts
  WizLab: 2256 daAuts
   Orc:2: 2178 daAuts
    D:15: 2063 daAuts
Shoals:1: 1883 daAuts
Shoals:3: 1853 daAuts
     D:9: 1803 daAuts
     D:8: 1704 daAuts
     D:5: 1689 daAuts
     D:7: 1668 daAuts
  Lair:1: 1593 daAuts
    D:14: 1591 daAuts
  Lair:6: 1543 daAuts
